 Dungeon Crawl Stone Soup version 0.26.0-10-g1f06aea511 (webtiles) character file.

Game seed: 10772464325790893656

1541 tsouns the Chopper (level 8, 0/62 HPs)
             Began as a Demonspawn Berserker on Jan 21, 2021.
             Was an Elder of Trog.
             Killed from afar by an electric eel (7 damage)
             ... with a bolt of electricity
             ... on level 6 of the Dungeon.
             The game lasted 00:09:11 (6768 turns).

tsouns the Chopper (Demonspawn Berserker)           Turns: 6768, Time: 00:09:12

Health: 0/62       AC: 14    Str: 20    XL:     8   Next: 56%
Magic:  0/8        EV:  7    Int:  8    God:    Trog [****..]
Gold:   261        SH:  4    Dex: 13    Spells: 7/7 levels left

rFire    + . .     SeeInvis .   j - +1 war axe (flame)
rCold    . . .     Faith    .   b - +0 buckler
rNeg     . . .     Spirit   +   l - +1 plate armour
rPois    .         Reflect  .   (helmet unavailable)
rElec    .         Harm     .   m - scarf {repulsion}
rCorr    .         Rampage  .   (no gloves)
Will     .....                  t - +0 pair of boots
Stlth    ..........             (no amulet)
HPRegen  0.20/turn              d - ring of protection from cold
MPRegen  0.22/turn              o - ring of fire

@: repel missiles
A: horns 3, magic shield, magic regeneration
a: Renounce Religion, Berserk, Trog's Hand, Brothers in Arms


You were on level 6 of the Dungeon.
You worshipped Trog.
Trog was greatly pleased with you.
You visited 1 branch of the dungeon, and saw 6 of its levels.

You collected 261 gold pieces.

Inventory:

Hand Weapons
 a - a +1 hand axe
 j - a +1 war axe of flaming (weapon)
Missiles
 e - 39 poisoned darts
Armour
 b - a +0 buckler (worn)
 l - a +1 plate armour (worn)
 m - a scarf of repulsion (worn)
 n - a scarf of shadows
 t - a +0 pair of boots (worn)
 u - a +0 kite shield
Jewellery
 d - a ring of protection from cold (left hand)
 o - a ring of fire (right hand)
Wands
 k - a wand of polymorph (4)
Scrolls
 f - 5 scrolls of remove curse
 g - 2 scrolls of teleportation
Potions
 c - a potion of invisibility {unknown}
 h - 2 potions of curing {unknown}
 i - 3 potions of might
 p - a potion of magic
 q - a potion of heal wounds
 r - 3 potions of degeneration
 s - a potion of mutation {unknown}


   Skills:
 + Level 5.3 Fighting
 * Level 6.4 Axes
 + Level 4.3 Armour
 + Level 4.4 Dodging
 + Level 3.2 Shields


You had 7 spell levels left.
You didn't know any spells.
Your spell library contained the following spells:

 Spells                   Type           Power        Failure   Level
 Animate Skeleton         Necr           0%           100%        1
 Pain                     Necr           0%           100%        1
 Shock                    Conj/Air       0%           100%        1
 Swiftness                Air            0%           100%        2
 Static Discharge         Conj/Air       0%           100%        3
 Vampiric Draining        Necr           0%           100%        3
 Airstrike                Air            0%           100%        4
 Animate Dead             Necr           0%           100%        4
 Agony                    Necr           0%           100%        5
 Lightning Bolt           Conj/Air       0%           100%        5


Dungeon Overview and Level Annotations

Branches:
Dungeon (6/15)             Temple (0/1) D:6

Altars:
Dithmenos
Kikubaaqudgha
Makhleb
Nemelex Xobeh
Qazlal
Ru

Annotations:
D:6 1 runed translucent door, Crazy Yiuf


Innate Abilities, Weirdness & Mutations

You have a pair of large horns on your head.
When hurt, damage is shared between your health and your magic reserves.
You regenerate magic rapidly.


Message History

A nearby plant withers and dies.
The electric eel shoots out a bolt of lightning at you!
The bolt of electricity hits you.
You slash the electric eel! You burn the electric eel.
You kill the electric eel!
Trog accepts your kill.
You barely miss the electric eel.
The electric eel shoots out a bolt of lightning at you!
The bolt of electricity hits you! The bolt of electricity hits you.
You completely miss the electric eel.
The electric eel shoots out a bolt of lightning at you!
The bolt of electricity hits you!
* * * LOW HITPOINT WARNING * * *
The bolt of electricity hits you!
* * * LOW HITPOINT WARNING * * *
Unknown command.
You closely miss the electric eel.
The electric eel shoots out a bolt of lightning at you!
The bolt of electricity misses you. The bolt of electricity hits you!
You die...

.............##
..............#
..............#
..............#
################### #.
.. P##.P...P## #.#...
.....P..P.## ..#.P#.#
..P.≈P.....## P....#.#
.P.≈≈≈.@...P#
...P≈P..#≈≈≈≈≈≈;≈≈...#
.P≈≈≈≈..##≈≈≈≈#≈≈#≈.P#
≈≈≈≈≈≈≈P.#≈≈≈ #≈≈#≈≈.#
≈≈.≈≈≈≈≈.##≈ #≈≈#≈≈≈#
≈≈#≈≈≈#≈≈.## ####≈≈##
.###.###≈≈≈# ##≈#
..#...#...≈# #####.##
...........###....##


You could see an electric eel.

Vanquished Creatures
  Sigmund (D:6)
  A phantom (D:2)
  2 ogres
  2 centaurs (D:5)
  A wyvern zombie (D:6)
  2 electric eels (D:6)
  A howler monkey (D:5)
  A bullfrog zombie (D:6)
  3 hounds
  2 jellies (D:4)
  4 orc priests
  An iguana (D:4)
  6 orc wizards
  3 gnolls (D:3)
  8 adders
  An ufetubus (D:5)
  8 oozes (D:4)
  An adder zombie (D:6)
  2 worms (D:2)
  2 dart slugs
  4 leopard geckos
  25 orcs
  3 giant cockroaches
  13 goblins
  13 hobgoblins
  8 jackals
  3 quokkas
  2 ball pythons
  11 bats
  5 frilled lizards
  A giant cockroach zombie (D:5)
  22 kobolds
  A leopard gecko skeleton (D:4)
  A leopard gecko zombie (D:5)
  12 rats
176 creatures vanquished.

Vanquished Creatures (others)
  7 fungi
  5 plants (D:6)
  7 toadstools (D:4)
19 creatures vanquished.

Grand Total: 195 creatures vanquished

Notes
Turn   | Place    | Note
-------+----------+-------------------------------------------
     0 | D:1      | tsouns the Demonspawn Berserker began the quest for the
                  | Orb.
     0 | D:1      | Reached XP level 1. HP: 18/18 MP: 1/1
   395 | D:1      | Gained mutation: When hurt, damage is shared between your
                  | health and your magic reserves. [demonic ancestry]
   395 | D:1      | Reached XP level 2. HP: 21/24 MP: 2/2
   401 | D:1      | Reached skill level 3 in Axes
   824 | D:1      | Reached XP level 3. HP: 22/29 MP: 1/3
   938 | D:1      | Reached ** piety under Trog
  1891 | D:2      | Noticed an ogre
  1900 | D:2      | Killed an ogre
  1901 | D:2      | Gained mutation: You have a pair of small horns on your
                  | head. [demonic ancestry]
  1901 | D:2      | Reached XP level 4. HP: 25/37 MP: 2/4
  1901 | D:2      | Gained mutation: You regenerate magic rapidly. [demonic
                  | ancestry]
  1901 | D:2      | Reached XP level 5. HP: 29/42 MP: 2/5
  2221 | D:2      | Found a sparkling altar of Nemelex Xobeh.
  2244 | D:2      | Reached skill level 4 in Axes
  2428 | D:2      | Noticed a phantom
  2494 | D:2      | Killed a phantom
  2495 | D:2      | Gained mutation: You have a pair of horns on your head.
                  | [demonic ancestry]
  2495 | D:2      | Reached XP level 6. HP: 23/48 MP: 4/6
  2670 | D:2      | Found a burning altar of Makhleb.
  2862 | D:3      | Reached skill level 1 in Shields
  3022 | D:3      | Reached *** piety under Trog
  4046 | D:4      | Gained mutation: You have a pair of large horns on your
                  | head. [demonic ancestry]
  4046 | D:4      | Reached XP level 7. HP: 23/54 MP: 3/7
  4055 | D:4      | Reached skill level 5 in Axes
  4358 | D:4      | Found an ancient bone altar of Kikubaaqudgha.
  4437 | D:4      | Reached **** piety under Trog
  4714 | D:5      | Entered Level 5 of the Dungeon
  4887 | D:5      | Found a shadowy altar of Dithmenos.
  5077 | D:5      | Got a shimmering leather armour
  5088 | D:5      | Identified the +0 leather armour of the Five Nights {Will+}
                  | (You found it on level 5 of the Dungeon)
  5503 | D:5      | Reached XP level 8. HP: 55/61 MP: 6/8
  5631 | D:6      | Reached skill level 5 in Fighting
  5708 | D:6      | Reached skill level 6 in Axes
  5881 | D:6      | Found a sacrificial altar of Ru.
  5882 | D:6      | Noticed Sigmund
  5891 | D:6      | Killed Sigmund
  5973 | D:6      | Found a stormy altar of Qazlal.
  6227 | D:6      | Found a staircase to the Ecumenical Temple.
  6308 | D:6      | Found a runed translucent door.
  6309 | D:6      | Noticed Crazy Yiuf
  6768 | D:6      | Killed from afar by an electric eel

Illustrated notes

Levels and vault maps discovered:
D:1:      dpeg_arrival_shelter, layout_basic, minmay_hedge_maze
D:2:      layout_rooms, old_standard_altar, makhleb_blood_cavern_becter
D:3:      layout_loops_ring
D:4:      cheibrodos_fertilizer, layout_rooms, kiku_gazebo_garden_becter
D:5:      layout_basic, nicolae_dithmenos_the_darkroom
D:6:      wad_lake_hut, layout_rooms, nicolae_ru_awakened_eye,
          old_standard_altar, lemuel_temple_firewalk_a,
          minmay_misc_feat_secret_circle, uniq_crazy_yiuf_cottage, uniq_sigmund

Skill      XL: |  1  2  3  4  5  6  7  8 |
---------------+-------------------------+-----
Axes           | 3 4 5 6 |  6.4
Armour         | 2 3 4 |  4.3
Dodging        | 2 3 4 |  4.4
Fighting       | 4 5 |  5.3
Shields        | 1 2 3 |  3.2

Action                   |  1- 3 |  4- 6 |  7- 9 || total
-------------------------+-------+-------+-------++-------
Melee: Hand axe          |   100 |   272 |    99 ||   471
       Headbutt          |       |    36 |    26 ||    62
       War axe           |       |       |    86 ||    86
Invok: Berserk           |     1 |       |       ||     1
  Use: Scroll            |       |     9 |     2 ||    11
 Stab: Sleeping          |     1 |       |       ||     1
Armor: Animal skin       |    20 |       |       ||    20
       Plate armour      |     5 |   178 |   126 ||   309
Dodge: Dodged            |    71 |    93 |    64 ||   228
       Repelled          |       |     1 |     1 ||     2
Block: Buckler           |       |    40 |    32 ||    72
